Maple Leafs vs Flyers
(R1)
Created - March 24, 2025 at 19:16
Goals
|
| Maple Leafs |
0 |
0 |
2 |
0 |
1 |
3 |
| Flyers |
1 |
0 |
1 |
0 |
0 |
2 |
|
Shots
|
| Maple Leafs |
11 |
4 |
14 |
4 |
3 |
33 |
| Flyers |
10 |
6 |
9 |
0 |
3 |
25 |
|
1st period
1. Flyers , Kevin Hayes 10 (Cal Foote 14, Max Pacioretty 18) at 6:01
Penalties :
Jordan Nolan (Phi) for Tripping (Minor) at 10:43, Elias Pettersson (TOR) for Tripping (Minor) at 12:04
2nd period
No Goal
Penalties :
Erik Karlsson (Phi) for Slashing (Minor) at 0:16, Alexandre Grenier (Phi) for Hooking (Minor) at 6:34, Nathan Beaulieu (Phi) for Slashing (Minor) at 10:36, Cal Foote (Phi) for Tripping (Minor) at 17:38
3rd period
2. Maple Leafs , Jason Zucker 17 (Elias Pettersson 24) at 4:04 (PP)
3. Maple Leafs , Elias Pettersson 24 (Pontus Aberg 11, Jon Merrill 23) at 10:55
4. Flyers , Nick Ritchie 31 (Travis Konecny 19, Jordan Nolan 45) at 11:11
Penalties :
Nick Ritchie (Phi) for Roughing (Minor) at 3:26, Erik Karlsson (Phi) for Cross-checking (Minor) at 5:08, Max Pacioretty (Phi) for Cross-checking (Minor) at 5:44, Patrice Cormier (TOR) for High sticking (Minor) at 7:51, Brian Lashoff (Phi) for Tripping (Minor) at 8:26, Zach Werenski (TOR) for Tripping (Minor) at 11:25, Erik Karlsson (Phi) for Hooking (Minor) at 13:42, Calle Jarnkrok (Phi) for Holding (Minor) at 19:58
Overtime #1
No Goal
Penalties :
No Penalty
Shootout
Maple Leafs, Evander Kane - Stopped by Ilya Sorokin
Flyers, Niclas Bergfors - Stopped by Kristers Gudlevskis
Maple Leafs, Bo Horvat - Goal!
Flyers, Jordan Nolan - Shot Misses the Net
Maple Leafs, Andre Burakovsky - Stopped by Ilya Sorokin
Flyers, Kasperi Kapanen - Stopped by Kristers Gudlevskis
Penalties :
No Penalty
Goalie Stats
Kristers Gudlevskis (TOR), 23 saves from 25 shots - (0.920), W, 29-10-6, 65:00 minutes
Ilya Sorokin (Phi), 31 saves from 33 shots - (0.939), OTL, 5-8-3, 65:00 minutes
Players Stats for Maple Leafs
Player Name G A P +/- PIM S H SB GA TA FO MP PP MP PK MP
------------------------------------------------------------------------------------
Andre Burakovsky 0 0 0 -1 0 2 2 0 0 0 1/2 21:08 7:25 0:00
Bo Horvat 0 0 0 -1 0 2 1 0 0 1 20/39 26:24 7:33 2:23
Brandon Saad 0 0 0 -1 0 0 1 0 0 0 0/0 10:02 0:09 0:36
Brendan Guhle 0 0 0 0 0 0 0 0 0 0 0/0 10:29 0:00 0:00
Elias Lindholm 0 0 0 -1 0 1 0 0 0 0 3/6 7:29 0:00 0:21
Elias Pettersson 1 1 2 1 2 4 3 0 0 0 8/14 19:52 7:22 0:33
Evander Kane 0 0 0 -1 0 2 0 0 0 1 0/0 26:39 7:42 2:23
Haydn Fleury 0 0 0 0 0 0 0 1 0 0 0/0 11:11 0:00 0:33
Jason Zucker 1 0 1 1 0 4 3 0 2 0 0/0 21:08 7:23 0:56
John Klingberg 0 0 0 -1 0 1 4 1 0 3 0/0 32:12 8:25 2:29
Jon Merrill 0 1 1 0 0 0 1 0 0 1 0/0 21:32 6:40 1:26
Luke Schenn 0 0 0 0 0 1 0 2 0 0 0/0 21:30 6:40 2:13
Nicholas Baptiste 0 0 0 0 0 1 1 0 0 0 0/0 7:52 0:09 0:00
Patrice Cormier 0 0 0 0 2 0 1 1 0 0 1/4 7:48 0:08 0:00
Pontus Aberg 0 1 1 1 0 2 0 0 1 0 0/0 10:41 0:00 0:00
Valentin Zykov 0 0 0 0 0 3 2 0 0 0 0/0 7:50 0:00 0:00
William Nylander 0 0 0 -1 0 3 3 1 0 0 0/0 16:59 7:23 0:38
Zach Werenski 0 0 0 -1 2 7 4 0 1 0 0/0 30:40 8:25 1:09
Players Stats for Flyers
Player Name G A P +/- PIM S H SB GA TA FO MP PP MP PK MP
------------------------------------------------------------------------------------
Alexandre Grenier 0 0 0 0 2 0 0 1 0 0 0/0 6:18 0:00 0:00
Brian Lashoff 0 0 0 1 2 1 3 3 1 0 0/0 29:17 2:39 8:48
Cal Foote 0 1 1 0 2 0 0 2 0 0 0/0 15:12 0:00 6:48
Calle Jarnkrok 0 0 0 0 2 1 1 0 0 0 5/11 15:20 1:21 4:23
Erik Karlsson 0 0 0 0 6 1 1 1 0 0 0/0 16:55 0:06 1:05
Hampus Lindholm 0 0 0 1 0 1 0 1 2 3 0/0 31:17 2:40 9:23
Jacob Trouba 0 0 0 0 0 3 2 3 1 1 0/0 22:57 1:15 8:15
Jordan Nolan 0 1 1 0 2 4 1 0 0 0 15/26 20:00 2:41 1:24
Kasperi Kapanen 0 0 0 1 0 2 3 1 0 0 0/1 12:51 1:14 0:05
Kevin Hayes 1 0 1 1 0 2 2 0 0 0 11/25 20:32 1:14 9:24
Lucas Wallmarkk 0 0 0 0 0 1 0 0 0 0 0/0 5:37 0:00 0:00
Max Pacioretty 0 1 1 1 2 0 0 2 0 0 0/1 17:20 1:14 5:02
Michael Bournival 0 0 0 0 0 0 1 0 0 0 0/0 7:12 0:00 0:52
Nathan Beaulieu 0 0 0 0 2 1 0 0 0 0 0/0 12:31 1:09 0:00
Nick Ritchie 1 0 1 0 2 4 2 1 1 0 0/0 22:34 2:41 2:13
Niclas Bergfors 0 0 0 0 0 1 0 0 0 0 0/0 9:05 0:00 0:00
Samuel Morin 0 0 0 0 0 0 1 1 0 0 0/0 15:54 0:00 7:08
Travis Konecny 0 1 1 0 0 3 1 0 1 0 1/1 15:47 1:20 0:00
3 Stars
1 - Elias Pettersson (TOR)
2 - Jason Zucker (TOR)
3 - Kevin Hayes (Phi)
Power Play
Maple Leafs - 1 on 11 Attempt(s) - 9.09%
Flyers - 0 on 3 Attempt(s) - 0.00%
Penalty Kill
Maple Leafs - 3 on 3 Attempt(s) - 100.00%
- Score 0 goal in Penalty Kill
Flyers - 10 on 11 Attempt(s) - 90.91%
- Score 0 goal in Penalty Kill
Team Stat
Maple Leafs - Hits : 26 - Faceoff Wins : 33 - Blocked Shots : 6 - Penalty Minutes : 6
Flyers - Hits : 18 - Faceoff Wins : 32 - Blocked Shots : 16 - Penalty Minutes : 22
Official
Referees : Tim Peel and Peter MacDougall
Linesman : Ryan Galloway and Steve Barton
Game Notes
No Game Note
Finance
Level 1 -- Attendance: 6000 (100.00%) -- Ticket Income $600,000
Level 2 -- Attendance: 4932 (98.64%) -- Ticket Income $345,240
Level 3 -- Attendance: 2000 (100.00%) -- Ticket Income $80,000
Level 4 -- Attendance: 3996 (99.90%) -- Ticket Income $119,880
Luxury Box -- Attendance: 1000 (100.00%) -- Ticket Income $200,000
Game was played at the Wells Fargo Center.
Total Attendance: 17928 (99.60%)
Total Ticket Income: $1,345,120
Other Income: $201,768
Total Income: $1,546,888
Maple Leafs
5 vs 5 Forward
Center Left Wing Right Wing Time % Phy DF OF
1 Bo Horvat Evander Kane Andre Burakovsky 40 1 2 2
2 Elias Pettersson Jason Zucker Pontus Aberg 30 1 2 2
3 Elias Lindholm Brandon Saad William Nylander 20 1 2 2
4 Patrice Cormier Valentin Zykov Nicholas Baptiste 10 1 2 2
5 vs 5 Defense
Defense Defense Time % Phy DF OF
1 Zach Werenski John Klingberg 40 1 2 2
2 Jon Merrill Luke Schenn 30 1 2 2
3 Haydn Fleury Brendan Guhle 20 1 2 2
4 Zach Werenski John Klingberg 10 1 2 2
PowerPlay Forward
Center Left Wing Right Wing Time % Phy DF OF
1 Bo Horvat Evander Kane Andre Burakovsky 60 1 2 2
2 Elias Pettersson Jason Zucker William Nylander 40 1 2 2
PowerPlay Defense
Defense Defense Time % Phy DF OF
1 Zach Werenski John Klingberg 60 1 2 2
2 Jon Merrill Luke Schenn 40 1 2 2
Penalty Kill 4 Players Forward
Center Wing Time % Phy DF OF
1 Bo Horvat Evander Kane 60 1 2 2
2 Elias Pettersson Jason Zucker 40 1 2 2
Penalty Kill 4 Players Defense
Defense Defense Time % Phy DF OF
1 Zach Werenski John Klingberg 60 1 2 2
2 Jon Merrill Luke Schenn 40 1 2 2
Penalty Kill - 3 Players Forward
Forward Time % Phy DF OF
1 Bo Horvat 60 1 2 2
2 Elias Pettersson 40 1 2 2
Penalty Kill - 3 Players Defense
Defense Defense Time % Phy DF OF
1 Zach Werenski John Klingberg 60 1 2 2
2 Jon Merrill Luke Schenn 40 1 2 2
4 vs 4 Forward
Center Wing Time % Phy DF OF
1 Bo Horvat Evander Kane 60 1 2 2
2 Elias Pettersson Jason Zucker 40 1 2 2
4 vs 4 Defense
Defense Defense Time % Phy DF OF
1 Zach Werenski John Klingberg 60 1 2 2
2 Jon Merrill Luke Schenn 40 1 2 2
Last Minutes Offensive
Center Left Wing Right Wing Defense Defense
Bo Horvat Evander Kane Andre Burakovsky Zach Werenski John Klingberg
Last Minutes Defensive
Center Left Wing Right Wing Defense Defense
Bo Horvat Evander Kane Andre Burakovsky Zach Werenski John Klingberg
Goaltenders
Starting : Kristers Gudlevskis
Backup : Carter Hutton
Extra Forwards
Normal : William Nylander, Brandon Saad, Elias Pettersson - PP : William Nylander, Brandon Saad - PK : William Nylander
Extra Defensemen
Normal : Luke Schenn, Haydn Fleury, Brendan Guhle - PP : Luke Schenn - PK : Luke Schenn, Haydn Fleury
Penalty Shots
Evander Kane, Bo Horvat, Andre Burakovsky, Jason Zucker, William Nylander
Custom OT Lines Forwards
Evander Kane, Bo Horvat, Andre Burakovsky, Jason Zucker, William Nylander, Brandon Saad, Elias Pettersson, Pontus Aberg, Valentin Zykov, Elias Lindholm
Custom OT Lines Defensemen
Zach Werenski, John Klingberg, Jon Merrill, Luke Schenn, Haydn Fleury
Scratches
None
Flyers
5 vs 5 Forward
Center Left Wing Right Wing Time % Phy DF OF
1 Jordan Nolan Nick Ritchie Travis Konecny 40 0 2 3
2 Kevin Hayes Max Pacioretty Kasperi Kapanen 30 0 2 3
3 Calle Jarnkrok Samuel Morin Niclas Bergfors 22 0 3 2
4 Lucas Wallmarkk Michael Bournival Alexandre Grenier 8 1 3 1
5 vs 5 Defense
Defense Defense Time % Phy DF OF
1 Hampus Lindholm Brian Lashoff 40 0 3 2
2 Jacob Trouba Erik Karlsson 33 0 2 3
3 Nathan Beaulieu Cal Foote 20 0 3 2
4 Hampus Lindholm Erik Karlsson 7 0 2 3
PowerPlay Forward
Center Left Wing Right Wing Time % Phy DF OF
1 Jordan Nolan Nick Ritchie Travis Konecny 55 0 1 4
2 Kevin Hayes Max Pacioretty Kasperi Kapanen 45 0 1 4
PowerPlay Defense
Defense Defense Time % Phy DF OF
1 Hampus Lindholm Brian Lashoff 55 0 1 4
2 Nathan Beaulieu Jacob Trouba 45 0 1 4
Penalty Kill 4 Players Forward
Center Wing Time % Phy DF OF
1 Kevin Hayes Samuel Morin 60 1 4 0
2 Calle Jarnkrok Max Pacioretty 40 1 4 0
Penalty Kill 4 Players Defense
Defense Defense Time % Phy DF OF
1 Hampus Lindholm Brian Lashoff 55 1 4 0
2 Jacob Trouba Cal Foote 45 1 4 0
Penalty Kill - 3 Players Forward
Forward Time % Phy DF OF
1 Kevin Hayes 55 1 4 0
2 Jordan Nolan 45 1 4 0
Penalty Kill - 3 Players Defense
Defense Defense Time % Phy DF OF
1 Hampus Lindholm Brian Lashoff 55 1 4 0
2 Jacob Trouba Cal Foote 45 1 4 0
4 vs 4 Forward
Center Wing Time % Phy DF OF
1 Jordan Nolan Nick Ritchie 55 0 2 3
2 Kevin Hayes Kasperi Kapanen 45 0 2 3
4 vs 4 Defense
Defense Defense Time % Phy DF OF
1 Hampus Lindholm Brian Lashoff 55 0 3 2
2 Jacob Trouba Erik Karlsson 45 0 3 2
Last Minutes Offensive
Center Left Wing Right Wing Defense Defense
Jordan Nolan Nick Ritchie Kasperi Kapanen Hampus Lindholm Brian Lashoff
Last Minutes Defensive
Center Left Wing Right Wing Defense Defense
Kevin Hayes Samuel Morin Kasperi Kapanen Hampus Lindholm Brian Lashoff
Goaltenders
Starting : Ilya Sorokin
Backup : Steve Mason
Extra Forwards
Normal : Nick Ritchie, Kasperi Kapanen, Calle Jarnkrok - PP : Nick Ritchie, Kevin Hayes - PK : Nick Ritchie
Extra Defensemen
Normal : Hampus Lindholm, Erik Karlsson, Nathan Beaulieu - PP : Hampus Lindholm - PK : Hampus Lindholm, Erik Karlsson
Penalty Shots
Niclas Bergfors, Jordan Nolan, Kasperi Kapanen, Travis Konecny, Nick Ritchie
Custom OT Lines Forwards
Jordan Nolan, Nick Ritchie, Kasperi Kapanen, Niclas Bergfors, Travis Konecny, Max Pacioretty, Samuel Morin, Kevin Hayes, Calle Jarnkrok, Michael Bournival
Custom OT Lines Defensemen
Hampus Lindholm, Brian Lashoff, Erik Karlsson, Nathan Beaulieu, Jacob Trouba
Scratches
None
% Time on Ice - Maple Leafs
Lines # - Real PCT - Wanted PCT - Time Play
Normal Forward
1 - 33% - 40% - 12:44
2 - 29% - 30% - 11:25
3 - 18% - 20% - 7:08
4 - 20% - 10% - 7:41
Normal Defense
1 - 42% - 40% - 16:11
2 - 29% - 30% - 11:14
3 - 27% - 20% - 10:29
4 - 3% - 10% - 1:04
PP Forward
1 - 51% - 60% - 7:42
2 - 49% - 40% - 7:23
PP Defense
1 - 56% - 60% - 8:25
2 - 44% - 40% - 6:40
PK Forward
1 - 76% - 60% - 2:59
2 - 24% - 40% - 0:56
PK Defense
1 - 63% - 60% - 2:29
2 - 37% - 40% - 1:26
PK3 Forward
1 - 0% - 60%
2 - 0% - 40%
PK3 Defense
1 - 0% - 60%
2 - 0% - 40%
44 Forward
1 - 78% - 60% - 3:08
2 - 22% - 40% - 0:52
44 Defense
1 - 68% - 60% - 2:43
2 - 32% - 40% - 1:17
Last Minute Offensive - 0:00
Last Minute Defensive - 0:00
Total
Forward - 61:58
Defense - 61:58
|
% Time on Ice - Flyers
Lines # - Real PCT - Wanted PCT - Time Play
Normal Forward
1 - 41% - 40% - 15:57
2 - 24% - 30% - 9:16
3 - 21% - 22% - 8:08
4 - 14% - 8% - 5:37
Normal Defense
1 - 39% - 40% - 15:15
2 - 34% - 33% - 13:08
3 - 23% - 20% - 8:54
4 - 4% - 7% - 1:41
PP Forward
1 - 69% - 55% - 2:41
2 - 31% - 45% - 1:14
PP Defense
1 - 68% - 55% - 2:40
2 - 32% - 45% - 1:15
PK Forward
1 - 72% - 60% - 9:55
2 - 28% - 40% - 3:47
PK Defense
1 - 55% - 55% - 7:36
2 - 45% - 45% - 6:06
PK3 Forward
1 - 58% - 55% - 1:57
2 - 42% - 45% - 1:24
PK3 Defense
1 - 53% - 55% - 1:47
2 - 47% - 45% - 1:34
44 Forward
1 - 75% - 55% - 1:32
2 - 25% - 45% - 0:30
44 Defense
1 - 95% - 55% - 1:56
2 - 5% - 45% - 0:06
Last Minute Offensive - 0:00
Last Minute Defensive - 0:00
Total
Forward - 61:58
Defense - 61:58
|
Play-by-Play
1st period
0:01 of 1st period - Travis Konecny wins face-off versus Andre Burakovsky in neutral zone.
0:26 of 1st period - Kevin Hayes is hit by Jason Zucker and loses puck.
1:34 of 1st period - Wrist shot by Valentin Zykov.
1:34 of 1st period - Stopped by Ilya Sorokin with a rebound.
1:36 of 1st period - Slapshot by Evander Kane.
1:36 of 1st period - Stopped by Ilya Sorokin without a rebound.
1:37 of 1st period - Bo Horvat wins face-off versus Jordan Nolan in Flyers zone.
1:40 of 1st period - Wrist shot by Andre Burakovsky.
1:40 of 1st period - Stopped by Ilya Sorokin with a rebound.
1:42 of 1st period - Slapshot by Andre Burakovsky.
1:42 of 1st period - Shot Blocked by Cal Foote.
3:42 of 1st period - Icing by Jacob Trouba.
3:43 of 1st period - Elias Pettersson wins face-off versus Calle Jarnkrok in Flyers zone.
4:34 of 1st period - Icing by Haydn Fleury.
4:35 of 1st period - Jordan Nolan wins face-off versus Bo Horvat in Maple Leafs zone.
5:05 of 1st period - Off-side.
5:06 of 1st period - Kevin Hayes wins face-off versus Elias Lindholm in neutral zone.
5:11 of 1st period - Wrist shot by Kasperi Kapanen.
5:11 of 1st period - Stopped by Kristers Gudlevskis without a rebound.
5:12 of 1st period - Jordan Nolan wins face-off versus Bo Horvat in Maple Leafs zone.
5:17 of 1st period - Snap shot by Travis Konecny.
5:17 of 1st period - Stopped by Kristers Gudlevskis with a rebound.
5:59 of 1st period - Snap shot by Max Pacioretty.
5:59 of 1st period - Shot Blocked by Luke Schenn.
6:01 of 1st period - Slapshot by Cal Foote.
6:01 of 1st period - Deflect By Kevin Hayes.
6:01 of 1st period - Goal by Kevin Hayes - Maple Leafs : 0 - Flyers : 1.
6:02 of 1st period - Jordan Nolan wins face-off versus Bo Horvat in neutral zone.
6:37 of 1st period - Wrist shot by Brandon Saad.
6:37 of 1st period - Shot Blocked by Brian Lashoff.
6:39 of 1st period - Snap shot by Brandon Saad.
6:39 of 1st period - Shot Misses the Net.
6:41 of 1st period - Snap shot by Luke Schenn.
6:41 of 1st period - Stopped by Ilya Sorokin with a rebound.
6:43 of 1st period - Wrist shot by Elias Lindholm.
6:43 of 1st period - Shot Blocked by Max Pacioretty.
6:45 of 1st period - Slapshot by Luke Schenn.
6:45 of 1st period - Shot Blocked by Hampus Lindholm.
7:03 of 1st period - Wrist shot by Jason Zucker.
7:03 of 1st period - Shot Misses the Net.
8:39 of 1st period - Off-side.
8:40 of 1st period - Patrice Cormier wins face-off versus Jordan Nolan in neutral zone.
8:53 of 1st period - Slapshot by Valentin Zykov.
8:53 of 1st period - Shot Blocked by Cal Foote.
8:55 of 1st period - Snap shot by Valentin Zykov.
8:55 of 1st period - Stopped by Ilya Sorokin without a rebound.
8:56 of 1st period - Kevin Hayes wins face-off versus Bo Horvat in Flyers zone.
9:01 of 1st period - Snap shot by Kasperi Kapanen.
9:01 of 1st period - Stopped by Kristers Gudlevskis without a rebound.
9:02 of 1st period - Andre Burakovsky wins face-off versus Kevin Hayes in Maple Leafs zone.
9:07 of 1st period - Snap shot by Evander Kane.
9:07 of 1st period - Stopped by Ilya Sorokin without a rebound.
9:08 of 1st period - Jordan Nolan wins face-off versus Bo Horvat in Flyers zone.
9:35 of 1st period - Kasperi Kapanen is hit by Jason Zucker.
9:55 of 1st period - Samuel Morin is hit by Nicholas Baptiste and loses puck.
10:38 of 1st period - Snap shot by Bo Horvat.
10:38 of 1st period - Stopped by Ilya Sorokin with a rebound.
10:43 of 1st period - Minor Penalty to Jordan Nolan for Tripping.
10:44 of 1st period - Bo Horvat wins face-off versus Kevin Hayes in Flyers zone.
11:11 of 1st period - Samuel Morin is hit by William Nylander and loses puck.
12:04 of 1st period - Minor Penalty to Elias Pettersson for Tripping.
12:05 of 1st period - Bo Horvat wins face-off versus Kasperi Kapanen in Maple Leafs zone.
12:18 of 1st period - Wrist shot by Evander Kane.
12:18 of 1st period - Shot Blocked by Kasperi Kapanen.
12:43 of 1st period - Penalty to Jordan Nolan is over, Jordan Nolan is back on ice.
13:10 of 1st period - Bo Horvat is hit by Nick Ritchie and loses puck.
13:47 of 1st period - Luke Schenn is hit by Jordan Nolan.
14:04 of 1st period - Penalty to Elias Pettersson is over, Elias Pettersson is back on ice.
14:27 of 1st period - Slapshot by Nick Ritchie.
14:27 of 1st period - Stopped by Kristers Gudlevskis without a rebound.
14:28 of 1st period - Kevin Hayes wins face-off versus Patrice Cormier in Maple Leafs zone.
14:55 of 1st period - Jacob Trouba is hit by John Klingberg and loses puck.
15:06 of 1st period - Slapshot by Nathan Beaulieu.
15:06 of 1st period - Stopped by Kristers Gudlevskis without a rebound.
15:07 of 1st period - Elias Lindholm wins face-off versus Kevin Hayes in Maple Leafs zone.
15:12 of 1st period - Slapshot by Elias Lindholm.
15:12 of 1st period - Shot Blocked by Max Pacioretty.
15:18 of 1st period - Haydn Fleury is hit by Kasperi Kapanen and loses puck.
15:47 of 1st period - Snap shot by William Nylander.
15:47 of 1st period - Stopped by Ilya Sorokin without a rebound.
15:48 of 1st period - Bo Horvat wins face-off versus Max Pacioretty in Flyers zone.
15:49 of 1st period - Snap shot by Andre Burakovsky.
15:49 of 1st period - Shot Blocked by Brian Lashoff.
16:21 of 1st period - Slapshot by Zach Werenski.
16:21 of 1st period - Shot Blocked by Alexandre Grenier.
16:45 of 1st period - Wrist shot by Kevin Hayes.
16:45 of 1st period - Stopped by Kristers Gudlevskis without a rebound.
16:46 of 1st period - Kevin Hayes wins face-off versus Bo Horvat in Maple Leafs zone.
16:47 of 1st period - Slapshot by Kasperi Kapanen.
16:47 of 1st period - Shot Misses the Net.
17:17 of 1st period - Snap shot by Nicholas Baptiste.
17:17 of 1st period - Shot Misses the Net.
17:59 of 1st period - Snap shot by Jordan Nolan.
17:59 of 1st period - Deflect By Nick Ritchie.
17:59 of 1st period - Stopped by Kristers Gudlevskis without a rebound.
18:00 of 1st period - Bo Horvat wins face-off versus Calle Jarnkrok in Maple Leafs zone.
18:12 of 1st period - Off-side.
18:13 of 1st period - Bo Horvat wins face-off versus Jordan Nolan in neutral zone.
18:22 of 1st period - Wrist shot by Andre Burakovsky.
18:22 of 1st period - Stopped by Ilya Sorokin without a rebound.
18:23 of 1st period - Bo Horvat wins face-off versus Jordan Nolan in Flyers zone.
18:42 of 1st period - Snap shot by Bo Horvat.
18:42 of 1st period - Stopped by Ilya Sorokin with a rebound.
18:49 of 1st period - Snap shot by Nick Ritchie.
18:49 of 1st period - Shot Misses the Net.
19:15 of 1st period - Wrist shot by Zach Werenski.
19:15 of 1st period - Stopped by Ilya Sorokin with a rebound.
19:41 of 1st period - Slapshot by Jordan Nolan.
19:41 of 1st period - Deflect By Travis Konecny.
19:41 of 1st period - Stopped by Kristers Gudlevskis with a rebound.
19:43 of 1st period - Snap shot by Brian Lashoff.
19:43 of 1st period - Stopped by Kristers Gudlevskis without a rebound.
19:44 of 1st period - Elias Pettersson wins face-off versus Kevin Hayes in Maple Leafs zone.
19:53 of 1st period - Slapshot by Luke Schenn.
19:53 of 1st period - Shot Misses the Net.
Goals for this period are 0 for Maple Leafs vs 1 for Flyers.
Shots for this period are 11 for Maple Leafs vs 10 for Flyers.
2nd period
0:01 of 2nd period - Bo Horvat wins face-off versus Jordan Nolan in neutral zone.
0:14 of 2nd period - Slapshot by Zach Werenski.
0:14 of 2nd period - Shot Blocked by Jacob Trouba.
0:16 of 2nd period - Minor Penalty to Erik Karlsson for Slashing.
0:17 of 2nd period - Bo Horvat wins face-off versus Kevin Hayes in Flyers zone.
0:18 of 2nd period - Slapshot by Zach Werenski.
0:18 of 2nd period - Stopped by Ilya Sorokin with a rebound.
0:28 of 2nd period - Brian Lashoff is hit by Andre Burakovsky and loses puck.
2:04 of 2nd period - Hampus Lindholm is hit by Andre Burakovsky and loses puck.
2:16 of 2nd period - Penalty to Erik Karlsson is over, Erik Karlsson is back on ice.
2:26 of 2nd period - Slapshot by Hampus Lindholm.
2:26 of 2nd period - Deflect By Nick Ritchie.
2:26 of 2nd period - Shot Misses the Net.
2:26 of 2nd period - Puck is out of play.
2:27 of 2nd period - Jordan Nolan wins face-off versus Patrice Cormier in Maple Leafs zone.
2:30 of 2nd period - Snap shot by Travis Konecny.
2:30 of 2nd period - Deflect By Jordan Nolan.
2:30 of 2nd period - Stopped by Kristers Gudlevskis with a rebound.
2:32 of 2nd period - Slapshot by Jordan Nolan.
2:32 of 2nd period - Stopped by Kristers Gudlevskis with a rebound.
3:00 of 2nd period - Slapshot by Elias Pettersson.
3:00 of 2nd period - Shot Blocked by Samuel Morin.
3:02 of 2nd period - Wrist shot by Pontus Aberg.
3:02 of 2nd period - Shot Blocked by Erik Karlsson.
3:32 of 2nd period - Patrice Cormier is hit by Michael Bournival and loses puck.
4:02 of 2nd period - Jacob Trouba is hit by Elias Pettersson and loses puck.
4:09 of 2nd period - Off-side.
4:10 of 2nd period - Bo Horvat wins face-off versus Calle Jarnkrok in neutral zone.
5:26 of 2nd period - Slapshot by Zach Werenski.
5:26 of 2nd period - Stopped by Ilya Sorokin with a rebound.
5:57 of 2nd period - Wrist shot by Zach Werenski.
5:57 of 2nd period - Stopped by Ilya Sorokin with a rebound.
6:34 of 2nd period - Minor Penalty to Alexandre Grenier for Hooking.
6:35 of 2nd period - Bo Horvat wins face-off versus Kevin Hayes in Flyers zone.
6:38 of 2nd period - Wrist shot by Bo Horvat.
6:38 of 2nd period - Shot Misses the Net.
7:46 of 2nd period - Jacob Trouba is hit by Zach Werenski and loses puck.
7:57 of 2nd period - Elias Pettersson is hit by Jacob Trouba and loses puck.
8:34 of 2nd period - Penalty to Alexandre Grenier is over, Alexandre Grenier is back on ice.
8:40 of 2nd period - Brian Lashoff is hit by Valentin Zykov and loses puck.
8:47 of 2nd period - Valentin Zykov is hit by Brian Lashoff and loses puck.
9:10 of 2nd period - Snap shot by Hampus Lindholm.
9:10 of 2nd period - Shot Blocked by Patrice Cormier.
9:22 of 2nd period - Wrist shot by Nick Ritchie.
9:22 of 2nd period - Shot Blocked by Haydn Fleury.
9:24 of 2nd period - Wrist shot by Nick Ritchie.
9:24 of 2nd period - Shot Misses the Net.
9:26 of 2nd period - Slapshot by Hampus Lindholm.
9:26 of 2nd period - Stopped by Kristers Gudlevskis with a rebound.
9:38 of 2nd period - Slapshot by Nicholas Baptiste.
9:38 of 2nd period - Deflect By Hampus Lindholm.
9:38 of 2nd period - Stopped by Ilya Sorokin without a rebound.
9:39 of 2nd period - Calle Jarnkrok wins face-off versus Bo Horvat in Flyers zone.
10:04 of 2nd period - Lucas Wallmarkk is hit by John Klingberg.
10:14 of 2nd period - Snap shot by Michael Bournival.
10:14 of 2nd period - Shot Hit the Post.
10:36 of 2nd period - Minor Penalty to Nathan Beaulieu for Slashing.
10:37 of 2nd period - Bo Horvat wins face-off versus Kevin Hayes in Flyers zone.
11:13 of 2nd period - Jacob Trouba is hit by Jason Zucker and loses puck.
12:36 of 2nd period - Penalty to Nathan Beaulieu is over, Nathan Beaulieu is back on ice.
13:05 of 2nd period - Snap shot by Michael Bournival.
13:05 of 2nd period - Shot Misses the Net.
13:39 of 2nd period - Pontus Aberg is hit by Kasperi Kapanen and loses puck.
13:54 of 2nd period - Snap shot by Calle Jarnkrok.
13:54 of 2nd period - Stopped by Kristers Gudlevskis with a rebound.
14:06 of 2nd period - Travis Konecny is hit by Zach Werenski and loses puck.
14:23 of 2nd period - Andre Burakovsky is hit by Kevin Hayes and loses puck.
14:44 of 2nd period - Valentin Zykov is hit by Brian Lashoff and loses puck.
15:15 of 2nd period - Kasperi Kapanen is hit by Zach Werenski and loses puck.
15:53 of 2nd period - Nick Ritchie is hit by Brandon Saad and loses puck.
16:31 of 2nd period - Kasperi Kapanen is hit by Valentin Zykov and loses puck.
16:55 of 2nd period - Wrist shot by Jordan Nolan.
16:55 of 2nd period - Shot Misses the Net.
16:57 of 2nd period - Snap shot by Nick Ritchie.
16:57 of 2nd period - Stopped by Kristers Gudlevskis without a rebound.
16:58 of 2nd period - Jordan Nolan wins face-off versus Elias Pettersson in Maple Leafs zone.
17:38 of 2nd period - Minor Penalty to Cal Foote for Tripping.
17:39 of 2nd period - Kevin Hayes wins face-off versus Bo Horvat in Flyers zone.
18:17 of 2nd period - Snap shot by John Klingberg.
18:17 of 2nd period - Shot Misses the Net.
18:19 of 2nd period - Slapshot by John Klingberg.
18:19 of 2nd period - Shot Blocked by Jacob Trouba.
18:47 of 2nd period - Kevin Hayes is hit by William Nylander and loses puck.
19:38 of 2nd period - Penalty to Cal Foote is over, Cal Foote is back on ice.
19:46 of 2nd period - Wrist shot by Travis Konecny.
19:46 of 2nd period - Stopped by Kristers Gudlevskis with a rebound.
Goals for this period are 0 for Maple Leafs vs 0 for Flyers.
Shots for this period are 4 for Maple Leafs vs 6 for Flyers.
3rd period
0:01 of 3rd period - Kevin Hayes wins face-off versus Bo Horvat in neutral zone.
0:26 of 3rd period - Elias Pettersson is hit by Brian Lashoff.
0:44 of 3rd period - Icing by Nick Ritchie.
0:45 of 3rd period - Bo Horvat wins face-off versus Jordan Nolan in Flyers zone.
0:48 of 3rd period - Wrist shot by Andre Burakovsky.
0:48 of 3rd period - Shot Misses the Net.
0:54 of 3rd period - Slapshot by Jacob Trouba.
0:54 of 3rd period - Deflect By Andre Burakovsky.
0:54 of 3rd period - Stopped by Kristers Gudlevskis without a rebound.
0:55 of 3rd period - Bo Horvat wins face-off versus Kevin Hayes in Maple Leafs zone.
0:55 of 3rd period - Bo Horvat is hit by Kasperi Kapanen.
1:01 of 3rd period - Brian Lashoff is hit by Bo Horvat and loses puck.
1:53 of 3rd period - Snap shot by William Nylander.
1:53 of 3rd period - Shot Misses the Net.
1:55 of 3rd period - Snap shot by Elias Lindholm.
1:55 of 3rd period - Stopped by Ilya Sorokin with a rebound.
1:57 of 3rd period - Wrist shot by William Nylander.
1:57 of 3rd period - Shot Misses the Net.
2:24 of 3rd period - Snap shot by Erik Karlsson.
2:24 of 3rd period - Stopped by Kristers Gudlevskis with a rebound.
2:26 of 3rd period - Snap shot by Lucas Wallmarkk.
2:26 of 3rd period - Stopped by Kristers Gudlevskis with a rebound.
2:51 of 3rd period - Snap shot by Jason Zucker.
2:51 of 3rd period - Stopped by Ilya Sorokin with a rebound.
2:53 of 3rd period - Snap shot by Elias Pettersson.
2:53 of 3rd period - Shot Blocked by Nick Ritchie.
3:15 of 3rd period - Snap shot by Samuel Morin.
3:15 of 3rd period - Shot Misses the Net.
3:17 of 3rd period - Wrist shot by Niclas Bergfors.
3:17 of 3rd period - Stopped by Kristers Gudlevskis without a rebound.
3:18 of 3rd period - Jordan Nolan wins face-off versus Bo Horvat in Maple Leafs zone.
3:19 of 3rd period - Wrist shot by Travis Konecny.
3:19 of 3rd period - Shot Misses the Net.
3:26 of 3rd period - Minor Penalty to Nick Ritchie for Roughing.
3:27 of 3rd period - Kevin Hayes wins face-off versus Bo Horvat in Flyers zone.
4:04 of 3rd period - Snap shot by Jason Zucker.
4:04 of 3rd period - Goal by Jason Zucker - Maple Leafs : 1 - Flyers : 1.
4:05 of 3rd period - Bo Horvat wins face-off versus Kevin Hayes in neutral zone.
4:32 of 3rd period - Elias Pettersson is hit by Nick Ritchie and loses puck.
4:44 of 3rd period - Off-side.
4:45 of 3rd period - Bo Horvat wins face-off versus Kevin Hayes in neutral zone.
4:50 of 3rd period - Kevin Hayes is hit by Jon Merrill and loses puck.
5:08 of 3rd period - Minor Penalty to Erik Karlsson for Cross-checking.
5:09 of 3rd period - Kevin Hayes wins face-off versus Bo Horvat in Flyers zone.
5:36 of 3rd period - William Nylander is hit by Calle Jarnkrok and loses puck.
5:44 of 3rd period - Minor Penalty to Max Pacioretty for Cross-checking.
5:45 of 3rd period - Bo Horvat wins face-off versus Kevin Hayes in Flyers zone.
6:37 of 3rd period - Slapshot by Jacob Trouba.
6:37 of 3rd period - Stopped by Kristers Gudlevskis without a rebound.
6:38 of 3rd period - Jordan Nolan wins face-off versus Elias Pettersson in Maple Leafs zone.
6:39 of 3rd period - Slapshot by Jacob Trouba.
6:39 of 3rd period - Stopped by Kristers Gudlevskis with a rebound.
6:49 of 3rd period - Slapshot by Jacob Trouba.
6:49 of 3rd period - Shot Blocked by William Nylander.
7:03 of 3rd period - Evander Kane is hit by Kevin Hayes and loses puck.
7:08 of 3rd period - Penalty to Erik Karlsson is over, Erik Karlsson is back on ice.
7:14 of 3rd period - Slapshot by Erik Karlsson.
7:14 of 3rd period - Shot Misses the Net.
7:44 of 3rd period - Penalty to Max Pacioretty is over, Max Pacioretty is back on ice.
7:51 of 3rd period - Minor Penalty to Patrice Cormier for High sticking.
7:52 of 3rd period - Bo Horvat wins face-off versus Jordan Nolan in Maple Leafs zone.
8:26 of 3rd period - Minor Penalty to Brian Lashoff for Tripping.
8:27 of 3rd period - Jordan Nolan wins face-off versus Bo Horvat in Flyers zone.
8:27 of 3rd period - Jordan Nolan is hit by Zach Werenski.
8:59 of 3rd period - Slapshot by Elias Pettersson.
8:59 of 3rd period - Shot Misses the Net.
9:41 of 3rd period - Brandon Saad is hit by Erik Karlsson and loses puck.
9:51 of 3rd period - Penalty to Patrice Cormier is over, Patrice Cormier is back on ice.
10:20 of 3rd period - Jacob Trouba is hit by Elias Pettersson and loses puck.
10:26 of 3rd period - Penalty to Brian Lashoff is over, Brian Lashoff is back on ice.
10:37 of 3rd period - Snap shot by Valentin Zykov.
10:37 of 3rd period - Stopped by Ilya Sorokin without a rebound.
10:38 of 3rd period - Calle Jarnkrok wins face-off versus Patrice Cormier in Flyers zone.
10:38 of 3rd period - Calle Jarnkrok is hit by Patrice Cormier.
10:45 of 3rd period - Off-side.
10:46 of 3rd period - Elias Pettersson wins face-off versus Jordan Nolan in neutral zone.
10:55 of 3rd period - Slapshot by Elias Pettersson.
10:55 of 3rd period - Goal by Elias Pettersson - Maple Leafs : 2 - Flyers : 1.
10:56 of 3rd period - Bo Horvat wins face-off versus Jordan Nolan in neutral zone.
10:59 of 3rd period - Slapshot by John Klingberg.
10:59 of 3rd period - Shot Blocked by Brian Lashoff.
11:11 of 3rd period - Snap shot by Nick Ritchie.
11:11 of 3rd period - Goal by Nick Ritchie - Maple Leafs : 2 - Flyers : 2.
11:12 of 3rd period - Jordan Nolan wins face-off versus Bo Horvat in neutral zone.
11:23 of 3rd period - Slapshot by Jordan Nolan.
11:23 of 3rd period - Shot Misses the Net.
11:25 of 3rd period - Minor Penalty to Zach Werenski for Tripping.
11:26 of 3rd period - Jordan Nolan wins face-off versus Bo Horvat in Maple Leafs zone.
11:33 of 3rd period - Wrist shot by Travis Konecny.
11:33 of 3rd period - Shot Blocked by Luke Schenn.
12:12 of 3rd period - Off-side.
12:13 of 3rd period - Jordan Nolan wins face-off versus Elias Pettersson in neutral zone.
12:34 of 3rd period - Kasperi Kapanen is hit by Elias Pettersson and loses puck.
12:45 of 3rd period - Wrist shot by Elias Pettersson.
12:45 of 3rd period - Shot Misses the Net.
13:25 of 3rd period - Penalty to Zach Werenski is over, Zach Werenski is back on ice.
13:33 of 3rd period - Snap shot by William Nylander.
13:33 of 3rd period - Stopped by Ilya Sorokin without a rebound.
13:34 of 3rd period - Elias Pettersson wins face-off versus Calle Jarnkrok in Flyers zone.
13:39 of 3rd period - Slapshot by Jason Zucker.
13:39 of 3rd period - Stopped by Ilya Sorokin without a rebound.
13:40 of 3rd period - Jordan Nolan wins face-off versus Elias Pettersson in Flyers zone.
13:42 of 3rd period - Minor Penalty to Erik Karlsson for Hooking.
13:43 of 3rd period - Kevin Hayes wins face-off versus Bo Horvat in Flyers zone.
13:43 of 3rd period - Kevin Hayes is hit by John Klingberg.
14:44 of 3rd period - Wrist shot by Elias Pettersson.
14:44 of 3rd period - Shot Blocked by Jacob Trouba.
15:32 of 3rd period - Elias Pettersson is hit by Jacob Trouba and loses puck.
15:42 of 3rd period - Penalty to Erik Karlsson is over, Erik Karlsson is back on ice.
15:57 of 3rd period - Jon Merrill is hit by Travis Konecny and loses puck.
17:07 of 3rd period - Patrice Cormier is hit by Samuel Morin and loses puck.
17:24 of 3rd period - Wrist shot by Nick Ritchie.
17:24 of 3rd period - Deflect By Jordan Nolan.
17:24 of 3rd period - Shot Blocked by John Klingberg.
17:24 of 3rd period - Puck is out of play.
17:25 of 3rd period - Jordan Nolan wins face-off versus Elias Pettersson in Maple Leafs zone.
17:28 of 3rd period - Slapshot by Travis Konecny.
17:28 of 3rd period - Shot Misses the Net.
17:30 of 3rd period - Slapshot by Jordan Nolan.
17:30 of 3rd period - Stopped by Kristers Gudlevskis without a rebound.
17:31 of 3rd period - Jordan Nolan wins face-off versus Elias Pettersson in Maple Leafs zone.
18:55 of 3rd period - Off-side.
18:56 of 3rd period - Calle Jarnkrok wins face-off versus Bo Horvat in neutral zone.
19:03 of 3rd period - Slapshot by Zach Werenski.
19:03 of 3rd period - Stopped by Ilya Sorokin without a rebound.
19:04 of 3rd period - Calle Jarnkrok wins face-off versus Elias Lindholm in Flyers zone.
19:11 of 3rd period - Slapshot by Zach Werenski.
19:11 of 3rd period - Stopped by Ilya Sorokin with a rebound.
19:13 of 3rd period - Slapshot by John Klingberg.
19:13 of 3rd period - Stopped by Ilya Sorokin without a rebound.
19:14 of 3rd period - Elias Lindholm wins face-off versus Calle Jarnkrok in Flyers zone.
19:15 of 3rd period - Slapshot by Zach Werenski.
19:15 of 3rd period - Stopped by Ilya Sorokin without a rebound.
19:16 of 3rd period - Elias Lindholm wins face-off versus Calle Jarnkrok in Flyers zone.
19:17 of 3rd period - Wrist shot by William Nylander.
19:17 of 3rd period - Stopped by Ilya Sorokin with a rebound.
19:43 of 3rd period - Snap shot by Jordan Nolan.
19:43 of 3rd period - Stopped by Kristers Gudlevskis without a rebound.
19:44 of 3rd period - Elias Pettersson wins face-off versus Jordan Nolan in Maple Leafs zone.
19:51 of 3rd period - Slapshot by Elias Pettersson.
19:51 of 3rd period - Deflect By Pontus Aberg.
19:51 of 3rd period - Stopped by Ilya Sorokin with a rebound.
19:53 of 3rd period - Backhand shot by Pontus Aberg.
19:53 of 3rd period - Stopped by Ilya Sorokin with a rebound.
19:55 of 3rd period - Slapshot by Jon Merrill.
19:55 of 3rd period - Deflect By Elias Pettersson.
19:55 of 3rd period - Shot Misses the Net.
19:55 of 3rd period - Puck is out of play.
19:56 of 3rd period - Calle Jarnkrok wins face-off versus Elias Lindholm in Flyers zone.
19:58 of 3rd period - Minor Penalty to Calle Jarnkrok for Holding.
19:59 of 3rd period - Kevin Hayes wins face-off versus Bo Horvat in Flyers zone.
Goals for this period are 2 for Maple Leafs vs 1 for Flyers.
Shots for this period are 14 for Maple Leafs vs 9 for Flyers.
Overtime #1
0:01 of 1st overtime period - Bo Horvat wins face-off versus Kevin Hayes in neutral zone.
0:16 of 1st overtime period - Snap shot by Evander Kane.
0:16 of 1st overtime period - Shot Misses the Net.
1:08 of 1st overtime period - Snap shot by Bo Horvat.
1:08 of 1st overtime period - Deflect By Jordan Nolan.
1:08 of 1st overtime period - Shot Misses the Net.
1:08 of 1st overtime period - Puck is out of play.
1:09 of 1st overtime period - Elias Pettersson wins face-off versus Jordan Nolan in Flyers zone.
1:16 of 1st overtime period - Snap shot by Elias Pettersson.
1:16 of 1st overtime period - Stopped by Ilya Sorokin without a rebound.
1:17 of 1st overtime period - Elias Pettersson wins face-off versus Kevin Hayes in Flyers zone.
1:18 of 1st overtime period - Wrist shot by Jason Zucker.
1:18 of 1st overtime period - Stopped by Ilya Sorokin without a rebound.
1:19 of 1st overtime period - Elias Pettersson wins face-off versus Kevin Hayes in Flyers zone.
1:22 of 1st overtime period - Wrist shot by Elias Pettersson.
1:22 of 1st overtime period - Stopped by Ilya Sorokin with a rebound.
1:38 of 1st overtime period - Snap shot by Jason Zucker.
1:38 of 1st overtime period - Shot Misses the Net.
1:40 of 1st overtime period - Wrist shot by Elias Pettersson.
1:40 of 1st overtime period - Stopped by Ilya Sorokin without a rebound.
1:41 of 1st overtime period - Kevin Hayes wins face-off versus Bo Horvat in Flyers zone.
1:58 of 1st overtime period - Penalty to Calle Jarnkrok is over, Calle Jarnkrok is back on ice.
3:20 of 1st overtime period - Travis Konecny is hit by William Nylander and loses puck.
3:31 of 1st overtime period - Travis Konecny is hit by John Klingberg and loses puck.
Goals for this period are 0 for Maple Leafs vs 0 for Flyers.
Shots for this period are 4 for Maple Leafs vs 0 for Flyers.
ShootOut
5:00 of 1st overtime period - Round #1.
5:00 of 1st overtime period - Maple Leafs, Evander Kane.
5:00 of 1st overtime period - Wrist shot by Evander Kane.
5:00 of 1st overtime period - Stopped by Ilya Sorokin.
5:00 of 1st overtime period - Flyers, Niclas Bergfors.
5:00 of 1st overtime period - Deke by Niclas Bergfors.
5:00 of 1st overtime period - Stopped by Kristers Gudlevskis.
5:00 of 1st overtime period - Round #2.
5:00 of 1st overtime period - Maple Leafs, Bo Horvat.
5:00 of 1st overtime period - Backhand shot by Bo Horvat.
5:00 of 1st overtime period - Goal by Bo Horvat.
5:00 of 1st overtime period - Flyers, Jordan Nolan.
5:00 of 1st overtime period - Wrist shot by Jordan Nolan.
5:00 of 1st overtime period - Shot Misses the Net.
5:00 of 1st overtime period - Round #3.
5:00 of 1st overtime period - Maple Leafs, Andre Burakovsky.
5:00 of 1st overtime period - Backhand shot by Andre Burakovsky.
5:00 of 1st overtime period - Stopped by Ilya Sorokin.
5:00 of 1st overtime period - Flyers, Kasperi Kapanen.
5:00 of 1st overtime period - Deke by Kasperi Kapanen.
5:00 of 1st overtime period - Stopped by Kristers Gudlevskis.